[Event "Titled Tuesday Blitz April 4 Early 2023"]
[White "Steinberg, Nitzan"]
[Black "Bruedigam, Martin"]
[WhiteFideId "2801795"]
[BlackFideId "24608033"]
[WhiteElo "2486"]
[BlackElo "2331"]
[Result "1-0"]
[Round "01"]
[TimeControl "180+2"]
[Date "2023.04.04"]
[WhiteClock "0:01:52"]
[BlackClock "0:00:14"]

1. Nf3 d5 2. g3 c6 3. Bg2 Bg4 4. O-O e6 5. d3 Nf6 6. Nbd2 Nbd7 7. e4 dxe4 8. dxe4 e5 9. h3 Bh5 10. Qe1 Qc7 11. Nh4 Bc5 12. Nb3 Bb6 13. a4 a5 14. Be3 O-O 15. Nf5 Bg6 16. Rd1 Bxf5 17. exf5 Rfd8 18. c4 Bxe3 19. Qxe3 b6 20. g4 h6 21. Rfe1 Rab8 22. Qg3 Re8 23. Nd4 Rbc8 24. Nxc6 Nc5 25. Nxe5 Nxa4 26. b3 Nc5 27. h4 a4 28. bxa4 Nxa4 29. f4 Nb2 30. Rc1 Qc5+ 31. Kh1 Rcd8 32. g5 Nd7 33. gxh6 Qf8 34. Bd5 Nxe5 35. fxe5 Kh7 36. hxg7 Qxg7 37. Qxg7+ Kxg7 38. Rc3 Na4 39. Rg3+ Kh6 40. Bxf7 Rf8 41. e6 1-0


[Site "https://www.chess.com"]

[Event "Titled Tuesday Blitz April 4 Early 2023"]
[White "Jaskolka, Tomasz"]
[Black "Gurel, Ediz"]
[WhiteFideId "1170791"]
[BlackFideId "44507356"]
[WhiteElo "2155"]
[BlackElo "2352"]
[Result "0-1"]
[Round "01"]
[TimeControl "180+2"]
[Date "2023.04.04"]
[WhiteClock "0:01:00"]
[BlackClock "0:01:34"]

1. d4 Nf6 2. Nc3 d5 3. Bf4 c6 4. e3 Bf5 5. f3 e6 6. g4 Bg6 7. h4 h5 8. g5 Nfd7 9. Bd3 Bxd3 10. cxd3 g6 11. Nge2 Bg7 12. Qb3 b6 13. Bd6 Bf8 14. Bxf8 Kxf8 15. Rc1 Kg7 16. f4 c5 17. Qa4 a6 18. dxc5 Nxc5 19. Qd4+ Kh7 20. Nd1 Nc6 21. Qc3 Nb4 22. Ra1 Ncxd3+ 23. Kd2 Rc8 24. Qb3 Rc2+ 25. Qxc2 Nxc2 26. Kxc2 Nc5 27. Nd4 Qc7 28. Kd2 Ne4+ 29. Kd3 Qc4# 0-1


[Site "https://www.chess.com"]

[Event "Titled Tuesday Blitz April 4 Early 2023"]
[White "Ibrahimli, Murad"]
[Black "Aggelis, Nikolaos"]
[WhiteFideId "13410229"]
[BlackFideId "4213220"]
[WhiteElo "2364"]
[BlackElo "2189"]
[Result "1-0"]
[Round "01"]
[TimeControl "180+2"]
[Date "2023.04.04"]
[WhiteClock "0:00:18"]
[BlackClock "0:00:06"]

1. d4 f5 2. Nc3 d5 3. Nf3 Nf6 4. Bf4 c6 5. e3 e6 6. Bd3 Be7 7. h3 O-O 8. g4 g6 9. Rg1 Kh8 10. gxf5 exf5 11. Ne5 Qe8 12. Bh6 Rg8 13. Qf3 Nbd7 14. Bf4 Nh5 15. Bh2 Bf6 16. Nxd7 Bxd7 17. O-O-O Bg7 18. Ne2 Qe7 19. Nf4 Nxf4 20. Bxf4 a5 21. h4 a4 22. a3 b5 23. c3 Bf6 24. Bg5 Be6 25. Qf4 Bxg5 26. hxg5 Bf7 27. Rh1 Kg7 28. Rxh7+ Kf8 29. Rdh1 Rg7 30. Rxg7 Kxg7 31. Qh4 Bg8 32. Kd2 Kf8 33. Qh6+ Qg7 34. Qh2 Qe7 35. Qg3 Kg7 36. Rh6 Rd8 37. Rh2 Kf8 38. Qh4 Qg7 39. Qh6 Kf7 40. Qxg7+ Kxg7 41. Ke2 Be6 42. Kf3 Re8 43. Kf4 Bf7 44. Bc2 Bg8 45. Rh1 Bf7 46. f3 Bg8 47. b3 axb3 48. Bxb3 Ra8 49. Ra1 Ra7 50. a4 bxa4 51. Rxa4 Rb7 52. Rb4 Rc7 53. Rb6 Kf7 54. c4 Kg7 55. c5 Kf7 56. Ba4 Ke7 57. Bxc6 Ra7 58. Rb7+ Rxb7 59. Bxb7 Kd8 60. Ke5 Kc7 61. Bxd5 1-0


[Site "https://www.chess.com"]

[Event "Titled Tuesday Blitz April 4 Early 2023"]
[White "Ferenc83"]
[Black "Kollars, Dmitrij"]
[BlackFideId "12909572"]
[WhiteElo "2493"]
[BlackElo "2584"]
[Result "1/2-1/2"]
[Round "01"]
[TimeControl "180+2"]
[Date "2023.04.04"]
[WhiteClock "0:00:05"]
[BlackClock "0:00:10"]

1. e4 c6 2. Nf3 d5 3. d3 Qc7 4. Qe2 Bg4 5. Nbd2 e6 6. h3 Bh5 7. g4 Bg6 8. Bg2 Nd7 9. Nf1 Bd6 10. h4 h5 11. g5 Ne7 12. Bd2 Bf4 13. O-O-O O-O-O 14. Kb1 dxe4 15. dxe4 Nc5 16. Ne1 Bxd2 17. Rxd2 Qf4 18. Nd3 Nxd3 19. cxd3 Rd4 20. Qe3 Qd6 21. Ng3 Rd8 22. Rhd1 c5 23. Ne2 Ra4 24. Rc1 Kb8 25. Qxc5 Qxc5 26. Rxc5 Nc6 27. b3 Rb4 28. Kb2 Bxe4 29. a3 Rxb3+ 30. Kxb3 Bxg2 31. d4 Bd5+ 32. Kb2 Ne7 33. Nf4 g6 34. a4 Bc6 35. a5 Nf5 36. a6 Nxh4 37. axb7 Kxb7 38. d5 exd5 39. Nxd5 Nf3 40. Rd3 Bxd5 41. Rcxd5 Rxd5 42. Rxd5 Kc6 43. Ra5 h4 44. Rxa7 Nxg5 45. Ra5 Ne4 46. f3 Ng3 47. Rg5 Kd6 48. Rg4 Nf5 49. Kc3 Ke5 50. Kd3 Kf6 51. f4 Kg7 52. Ke4 Kh6 53. Kf3 f6 54. Rg1 Kh5 55. Ra1 Nd4+ 56. Ke4 Ne2 57. Ra8 Kg4 58. Rg8 Ng3+ 59. Ke3 Kf5 60. Kf3 Nf1 61. Rh8 Nd2+ 62. Ke3 Nc4+ 63. Kf3 g5 64. fxg5 Ne5+ 65. Kg2 fxg5 66. Rf8+ Kg4 67. Ra8 Nd3 68. Ra4+ Nf4+ 69. Kh2 Kf3 70. Ra3+ Ke4 71. Ra4+ Kf5 72. Ra5+ Kg6 73. Ra6+ Kf5 74. Ra5+ Kf6 75. Ra6+ Ne6 76. Kh3 Kf5 77. Ra5+ Kf4 78. Ra6 Nc5 79. Ra5 Ne4 80. Ra4 Kf3 81. Ra3+ Kf4 82. Ra4 Kf5 83. Ra5+ Kg6 84. Ra6+ Kh5 85. Ra5 Nf2+ 86. Kg2 Nd3 87. Ra8 Kg4 88. Ra4+ Nf4+ 89. Kh2 h3 90. Ra3 Kh4 91. Ra8 g4 92. Rh8+ Nh5 93. Rh7 g3+ 94. Kg1 Kg4 95. Rh6 Nf4 96. Rh8 Kf3 97. Rf8 Ke4 98. Re8+ Kd4 99. Rd8+ Ke5 100. Re8+ Kd6 101. Rd8+ Ke7 102. Rg8 g2 103. Kh2 Kf6 104. Rg3 Kf5 105. Rxh3 Ne2 106. Kxg2 Nf4+ 107. Kf2 Nxh3+ 1/2-1/2


[Site "https://www.chess.com"]

[Event "Titled Tuesday Blitz April 4 Early 2023"]
[White "Rakhmatullaev, Almas"]
[Black "Novikov, Evgenij"]
[WhiteFideId "14205793"]
[BlackFideId "4125380"]
[WhiteElo "2221"]
[BlackElo "2242"]
[Result "1-0"]
[Round "01"]
[TimeControl "180+2"]
[Date "2023.04.04"]
[WhiteClock "0:00:37"]
[BlackClock "0:00:05"]

1. e4 c6 2. Nf3 d5 3. d3 g6 4. exd5 cxd5 5. d4 Bg7 6. Bd3 Nc6 7. c3 Nf6 8. O-O O-O 9. Bf4 Bf5 10. Re1 a6 11. h3 Bxd3 12. Qxd3 Ne4 13. Nbd2 Nxd2 14. Qxd2 e6 15. Re2 b5 16. Bh6 Rb8 17. h4 b4 18. h5 bxc3 19. bxc3 Ne7 20. Bxg7 Kxg7 21. h6+ Kg8 22. Qf4 Nf5 23. g4 Nd6 24. Qe5 Ne8 25. Rae1 Rb6 26. g5 Qd6 27. Qe3 Qc7 28. Ne5 Nd6 29. Qf4 Qe7 30. Ng4 Nf5 31. Nf6+ Kh8 32. Nxd5 Qd6 33. Qxd6 Rxd6 34. Nf6 Nh4 35. Re3 Rb8 36. f4 Rb2 37. R1e2 Rb1+ 38. Kf2 Nf5 39. Re5 Rc6 40. d5 Rxc3 41. dxe6 Rcc1 42. exf7 Rf1+ 43. Kg2 Rg1+ 44. Kf3 Rbf1+ 45. Ke4 Nd6+ 46. Kd5 Rd1+ 47. Kc6 1-0


[Site "https://www.chess.com"]

[Event "Titled Tuesday Blitz April 4 Early 2023"]
[White "Roebers, Eline"]
[Black "Vakhlamov, Igor L."]
[WhiteFideId "1058401"]
[BlackFideId "24126748"]
[WhiteElo "2493"]
[BlackElo "2400"]
[Result "1-0"]
[Round "01"]
[TimeControl "180+2"]
[Date "2023.04.04"]
[WhiteClock "0:00:08"]
[BlackClock "0:00:08"]

1. e4 c5 2. Nf3 e6 3. d4 cxd4 4. Nxd4 Nf6 5. Nc3 Nc6 6. Ndb5 Bc5 7. Bf4 O-O 8. Bc7 Qe7 9. Bd6 Bxd6 10. Qxd6 Qd8 11. O-O-O a6 12. Nd4 Ne7 13. h4 b5 14. h5 Ne8 15. Qg3 b4 16. Nce2 h6 17. Kb1 d6 18. Nc1 Bb7 19. Bd3 Qb6 20. Qe3 Nf6 21. f3 a5 22. g4 e5 23. g5 exd4 24. Qg1 hxg5 25. Qxg5 Qc5 26. Qg2 Nxh5 27. e5 Qxe5 28. Rxh5 Qxh5 29. Rh1 Bxf3 30. Rxh5 Bxh5 31. Qg5 Bg6 32. Qxe7 Bxd3 33. Nxd3 Rad8 34. b3 Rfe8 35. Qg5 d5 36. Nf4 Rc8 37. Nh5 Re1+ 38. Kb2 g6 39. Nf6+ Kg7 40. Nxd5 Re2 41. Qf6+ Kh6 42. Qh4+ Kg7 43. Qxd4+ Kh6 44. Ne3 f5 45. Qh4+ Kg7 46. Qe7+ Kg8 47. Qe6+ Kg7 48. Nxf5+ gxf5 49. Qxe2 Rf8 50. Qe7+ Rf7 51. Qe5+ Kg6 52. Qxa5 f4 53. Qxb4 f3 54. Qb6+ Kg5 55. Qf2 Kg4 56. a4 Re7 57. a5 Re2 58. Qd4+ Kg3 59. a6 f2 60. Qg7+ Kh2 61. Qf6 Kg1 62. a7 Re8 63. Qg6+ Kh1 64. Qxe8 f1=Q 65. a8=Q+ Kh2 66. Qh8+ Kg1 67. Qag8+ Kf2 68. Qf6+ Ke3 69. Qge6+ Kd2 70. Qd4+ Qd3 71. Qxd3# 1-0


[Site "https://www.chess.com"]

[Event "Titled Tuesday Blitz April 4 Early 2023"]
[White "Drygalov, Andrey"]
[Black "Filgueiras, Nathan Felipe"]
[WhiteFideId "24171735"]
[BlackFideId "2188562"]
[WhiteElo "2466"]
[BlackElo "2241"]
[Result "1-0"]
[Round "01"]
[TimeControl "180+2"]
[Date "2023.04.04"]
[WhiteClock "0:00:53"]
[BlackClock "0:00:19"]

1. e4 c5 2. Nf3 Nc6 3. Bb5 e5 4. O-O Bd6 5. d4 cxd4 6. c3 Qb6 7. Ba4 Nge7 8. cxd4 Nxd4 9. Nxd4 exd4 10. Nd2 O-O 11. f4 Bc5 12. Nf3 d5 13. e5 Nf5 14. Kh1 Be6 15. Bc2 g6 16. Ng5 Ne3 17. Bxe3 dxe3 18. f5 Bd7 19. e6 fxe6 20. fxg6 Rxf1+ 21. Qxf1 Rf8 22. gxh7+ Kh8 23. Nf7+ Kg7 24. Qf4 Rxf7 25. Qg5+ Kf8 26. h8=Q# 1-0


[Site "https://www.chess.com"]

[Event "Titled Tuesday Blitz April 4 Early 2023"]
[White "Petukhov, Dmitry"]
[Black "Indjic, Aleksandar"]
[WhiteFideId "4142748"]
[BlackFideId "911925"]
[WhiteElo "2311"]
[BlackElo "2614"]
[Result "0-1"]
[Round "01"]
[TimeControl "180+2"]
[Date "2023.04.04"]
[WhiteClock "0:01:07"]
[BlackClock "0:01:56"]

1. e4 c5 2. c3 d5 3. exd5 Nf6 4. d4 Nxd5 5. dxc5 e6 6. c4 Nb4 7. Qxd8+ Kxd8 8. Na3 Bxc5 9. Bd2 N8c6 10. Be2 Ke7 11. Nf3 Rd8 12. O-O Nd3 13. Bc3 f6 14. Nc2 Nf4 15. Rfe1 a5 16. Bf1 e5 17. Rad1 Bg4 18. Rxd8 Rxd8 19. Nxe5 fxe5 20. Bxe5 Nxe5 21. Rxe5+ Ne6 22. h3 Bd1 23. Ne3 Bxe3 24. Rxe3 Ba4 25. Bd3 g6 26. f4 Kf6 27. g3 Bc6 28. Kf2 Nc5 29. Bc2 Rd4 30. b3 Rd2+ 31. Re2 Rxe2+ 32. Kxe2 Be4 33. Bd1 Bb1 34. a3 Ba2 35. b4 axb4 36. Ke3 b3 0-1


[Site "https://www.chess.com"]

[Event "Titled Tuesday Blitz April 4 Early 2023"]
[White "Makarian, Rudik"]
[Black "Gil Alba, Hector Luis"]
[WhiteFideId "44105681"]
[BlackFideId "3504670"]
[WhiteElo "2430"]
[BlackElo "2331"]
[Result "1/2-1/2"]
[Round "01"]
[TimeControl "180+2"]
[Date "2023.04.04"]
[WhiteClock "0:00:08"]
[BlackClock "0:00:32"]

1. d4 Nf6 2. c4 g6 3. Nc3 Bg7 4. e4 d6 5. Be2 O-O 6. Be3 c5 7. d5 e6 8. Nf3 exd5 9. cxd5 b5 10. e5 dxe5 11. Bxc5 Re8 12. Bxb5 Bd7 13. O-O a6 14. Bxd7 Nbxd7 15. Ba3 Nb6 16. d6 Nc4 17. Qb3 Nxa3 18. Qxa3 Bf8 19. Rad1 Re6 20. Ng5 Rxd6 21. Qb3 Qe8 22. Nce4 Nxe4 23. Nxe4 Re6 24. Rd5 Rb8 25. Qh3 Be7 26. b3 Qc6 27. Qd3 Rc8 28. g4 Qc2 29. Qxc2 Rxc2 30. Rd2 Rxd2 31. Nxd2 f5 32. h3 e4 33. Nc4 Bc5 34. Kg2 f4 35. Re1 Kf7 36. Nd2 Bb4 37. Re2 f3+ 38. Nxf3 exf3+ 39. Kxf3 Rxe2 40. Kxe2 g5 41. Kf3 Ke6 42. Ke4 Bd6 43. f3 Bf4 44. h4 Bc1 45. hxg5 Bxg5 46. f4 Be7 47. g5 Bd8 48. b4 Be7 49. a3 Bd8 50. f5+ Kf7 51. g6+ hxg6 52. fxg6+ Kxg6 53. Kd5 Bg5 54. Kc5 Bc1 55. a4 Ba3 56. Kb6 Bxb4 57. Kxa6 Be1 58. Kb5 Kf6 59. a5 Bxa5 1/2-1/2


[Site "https://www.chess.com"]

[Event "Titled Tuesday Blitz April 4 Early 2023"]
[White "Reprintsev, Alexander"]
[Black "Kevlishvili, Robby"]
[WhiteFideId "14100541"]
[BlackFideId "1040634"]
[WhiteElo "2211"]
[BlackElo "2572"]
[Result "0-1"]
[Round "01"]
[TimeControl "180+2"]
[Date "2023.04.04"]
[WhiteClock "0:00:01"]
[BlackClock "0:00:09"]

1. e4 c6 2. Nc3 d5 3. Nf3 Bg4 4. h3 Bxf3 5. Qxf3 e6 6. b3 Bc5 7. Qg3 Bd4 8. Ba3 Nd7 9. exd5 cxd5 10. Bb5 a6 11. Bxd7+ Qxd7 12. O-O Ne7 13. Rae1 Rd8 14. Ne2 Bf6 15. d4 O-O 16. c3 Rfe8 17. Nf4 Nf5 18. Qd3 g6 19. g4 Nd6 20. f3 Rc8 21. Bb2 Qc7 22. Ng2 Nb5 23. Rc1 Red8 24. f4 Nd6 25. f5 exf5 26. gxf5 Ne4 27. Rf3 Bg5 28. Rd1 Re8 29. h4 Bh6 30. fxg6 hxg6 31. h5 Re6 32. Rdf1 Ng5 33. Rg3 Rce8 34. Bc1 Ne4 35. Rgf3 Bxc1 36. Rxc1 g5 37. Rcf1 f6 38. c4 dxc4 39. bxc4 Qh7 40. Rh3 Qd7 41. d5 Re5 42. Rhf3 Qg4 43. Rxf6 Qxh5 44. R6f5 Rxf5 45. Rxf5 Qh6 46. c5 Nxc5 47. Qg3 Ne4 48. Qc7 Qg7 49. d6 Qxc7 50. dxc7 Rc8 51. Re5 Nd6 52. Rxg5+ Kf7 53. Rd5 Nb5 54. Rd7+ Ke6 55. Rh7 Rxc7 56. Rh6+ Kd5 57. a4 Nc3 58. Ne3+ Kd4 59. Nf5+ Kc4 60. Nd6+ Kb4 61. Rh4+ Ka3 62. Kf2 Nxa4 63. Nc4+ Ka2 64. Na5 Nc3 65. Ke3 b6 66. Nc4 b5 67. Na5 b4 68. Kd3 Ka3 69. Nc4+ Kb3 70. Na5+ Ka4 71. Nc4 Nb5 72. Ne5 Ka3 0-1


[Site "https://www.chess.com"]

[Event "Titled Tuesday Blitz April 4 Early 2023"]
[White "Lobanov, Sergei"]
[Black "TheKnightOfBosnia"]
[WhiteFideId "24183750"]
[WhiteElo "2489"]
[BlackElo "2489"]
[Result "1/2-1/2"]
[Round "01"]
[TimeControl "180+2"]
[Date "2023.04.04"]
[WhiteClock "0:00:17"]
[BlackClock "0:00:37"]

1. d4 Nf6 2. c4 e6 3. Nc3 d5 4. cxd5 exd5 5. Bg5 c6 6. e3 Be7 7. Bd3 O-O 8. Nge2 Nbd7 9. O-O Re8 10. Qd2 Ne4 11. Nxe4 Bxg5 12. Nd6 Re6 13. Nxc8 Rxc8 14. b4 b5 15. a4 a6 16. axb5 axb5 17. Bf5 Rd6 18. Rfc1 g6 19. Bxd7 Rxd7 20. Ra3 Be7 21. Rca1 Qf8 22. Rb1 Ra8 23. Qc1 Rc7 24. Nf4 Rxa3 25. Qxa3 Rc8 26. Nd3 Ra8 27. Qc3 Ra6 28. g3 f6 29. Ra1 Qa8 30. Rxa6 Qxa6 31. Kg2 Kf7 32. h4 h5 33. Nf4 Bd6 34. Nd3 Be7 35. Kh3 Qc8+ 36. Kg2 Qa6 1/2-1/2


[Site "https://www.chess.com"]

[Event "Titled Tuesday Blitz April 4 Early 2023"]
[White "Miszler, Levente"]
[Black "Ashraf, Artin"]
[WhiteFideId "763276"]
[BlackFideId "22514805"]
[WhiteElo "2176"]
[BlackElo "2188"]
[Result "0-1"]
[Round "01"]
[TimeControl "180+2"]
[Date "2023.04.04"]
[WhiteClock "0:01:41"]
[BlackClock "0:01:02"]

1. Nf3 d5 2. c4 e6 3. e3 Nf6 4. Nc3 Be7 5. d4 O-O 6. Be2 b6 7. O-O Bb7 8. b3 Nbd7 9. Bb2 a6 10. Rc1 Rc8 11. Qc2 c5 12. Qb1 cxd4 13. Nxd4 dxc4 14. Bxc4 b5 15. Be2 Qb6 16. Rfd1 Ne5 17. h3 Rfd8 18. Nf3 Nxf3+ 19. Bxf3 Bxf3 20. gxf3 Qb7 21. Ne4 Nd5 22. Be5 f6 23. Rxc8 Rxc8 24. Bd6 f5 25. Bxe7 Qxe7 26. Nd6 Qxd6 27. e4 Nc3 0-1


[Site "https://www.chess.com"]

[Event "Titled Tuesday Blitz April 4 Early 2023"]
[White "Ahmadzada, Ahmad"]
[Black "Tokman, Ariel"]
[WhiteFideId "13413007"]
[BlackFideId "117420"]
[WhiteElo "2388"]
[BlackElo "2263"]
[Result "1-0"]
[Round "01"]
[TimeControl "180+2"]
[Date "2023.04.04"]
[WhiteClock "0:00:22"]
[BlackClock "0:00:10"]

1. Nf3 c6 2. g3 d5 3. Bg2 Nf6 4. O-O Bg4 5. a3 e6 6. b4 Nbd7 7. Bb2 a5 8. c3 Be7 9. d3 O-O 10. Nbd2 h6 11. Qc2 Qb6 12. Nb3 axb4 13. cxb4 Rfc8 14. e4 c5 15. bxc5 Nxc5 16. Nxc5 Rxc5 17. Qe2 Rb5 18. Bc1 Rb3 19. h3 Bh5 20. g4 Bg6 21. Ne5 Bh7 22. Be3 Qa6 23. exd5 Nxd5 24. Qf3 Bf6 25. d4 Rxa3 26. Rac1 Nxe3 27. fxe3 Qd6 28. Nc4 Qe7 29. Nxa3 Qxa3 30. Kh1 Qd6 31. Qxb7 Rf8 32. Rc8 Bg6 33. Rxf8+ Qxf8 34. Qa8 Qxa8 35. Bxa8 Bg5 36. e4 Be3 37. Rd1 Kf8 38. Kg2 Ke7 39. Kf3 Bg5 40. Rb1 Bf6 41. Rb7+ Kf8 42. Rb8+ Ke7 43. e5 Bg5 44. Bc6 f6 45. Rb7+ Kf8 46. d5 exd5 47. e6 f5 48. gxf5 Bh5+ 49. Kg3 d4 50. Bb5 Bf6 51. Kf4 Bg5+ 52. Ke5 Bf6+ 53. Kd6 1-0


[Site "https://www.chess.com"]

[Event "Titled Tuesday Blitz April 4 Early 2023"]
[White "Nguyen, Hong Anh"]
[Black "Zhigalko, Sergei"]
[WhiteFideId "12406732"]
[BlackFideId "13502956"]
[WhiteElo "2054"]
[BlackElo "2626"]
[Result "0-1"]
[Round "01"]
[TimeControl "180+2"]
[Date "2023.04.04"]
[WhiteClock "0:01:00"]
[BlackClock "0:00:19"]

1. d4 Nf6 2. c4 e6 3. Nf3 b6 4. g3 Ba6 5. Qc2 Bb4+ 6. Bd2 Be7 7. Bg2 O-O 8. O-O c6 9. Ne5 d5 10. Rd1 Nfd7 11. b3 Nxe5 12. dxe5 Nd7 13. Bf4 g5 14. Bc1 Nxe5 15. e4 d4 16. Nd2 c5 17. Nf3 Nxf3+ 18. Bxf3 Bb7 19. Bg4 Qd7 20. Bd2 f5 21. Bf3 d3 22. Qc1 fxe4 23. Bg2 Bf6 24. Bxg5 Bxa1 25. Qxa1 Qg7 26. Qc1 Rf5 27. Bh6 Qf6 28. Be3 Rf8 29. a3 Rxf2 30. Bxf2 Qxf2+ 31. Kh1 e3 32. Bxb7 d2 33. Qb1 e2 0-1


[Site "https://www.chess.com"]

[Event "Titled Tuesday Blitz April 4 Early 2023"]
[White "Durarbayli, Vasif"]
[Black "Erzhanov, Arman"]
[WhiteFideId "13402935"]
[BlackFideId "4138821"]
[WhiteElo "2551"]
[BlackElo "2138"]
[Result "1-0"]
[Round "01"]
[TimeControl "180+2"]
[Date "2023.04.04"]
[WhiteClock "0:00:05"]
[BlackClock "0:00:01"]

1. e4 d5 2. exd5 Qxd5 3. Nf3 Bg4 4. Be2 Nc6 5. d4 O-O-O 6. c4 Qf5 7. d5 e6 8. Nc3 Nf6 9. Bd3 Bxf3 10. Bxf5 Bxd1 11. dxc6 exf5 12. cxb7+ Kxb7 13. Nxd1 Bb4+ 14. Ke2 Rhe8+ 15. Kf3 Ng4 16. Ne3 Ne5+ 17. Kg3 g6 18. Nd5 Bd6 19. Bg5 Nxc4+ 20. Kh3 Rb8 21. Rac1 Ne5 22. Rhd1 h6 23. Bf4 g5 24. Bxe5 Bxe5 25. g3 Bd6 26. Rc2 Re5 27. Kg2 Rbe8 28. Ne3 Ra5 29. Nc4 Ra6 30. a3 Re4 31. b4 Kb8 32. Na5 Re6 33. Rd5 Rb6 34. Rxf5 f6 35. Rd5 Re5 36. Rd3 Re4 37. Nc6+ Kb7 38. Na5+ Ka6 39. Rf3 Kb5 40. Rf5+ Ka4 41. Rxf6 1-0


[Site "https://www.chess.com"]

[Event "Titled Tuesday Blitz April 4 Early 2023"]
[White "Golubev, Mikhail"]
[Black "Zakhartsov, Vladimir"]
[WhiteFideId "14100983"]
[BlackFideId "4145097"]
[WhiteElo "2374"]
[BlackElo "2497"]
[Result "0-1"]
[Round "01"]
[TimeControl "180+2"]
[Date "2023.04.04"]
[WhiteClock "0:00:05"]
[BlackClock "0:00:16"]

1. e4 c5 2. Nf3 d6 3. d4 cxd4 4. Nxd4 Nf6 5. Nc3 g6 6. Be3 Bg7 7. f3 h5 8. Qd2 a6 9. Bc4 Nbd7 10. O-O-O b5 11. Bb3 Bb7 12. Bg5 Rc8 13. Rhe1 Qc7 14. Kb1 Nb6 15. Nd5 Nbxd5 16. exd5 O-O 17. Nc6 Bxc6 18. dxc6 a5 19. Bxf6 Bxf6 20. Qd3 Kg7 21. Qxb5 Rb8 22. Qa6 Rfc8 23. Rd5 Ra8 24. Qb7 a4 25. Qxc7 Rxc7 26. Bc4 Rxc6 27. b3 axb3 28. cxb3 e6 29. Rb5 d5 30. Bd3 Be7 31. a4 Bf6 32. Rb7 Kf8 33. Rc1 Rxc1+ 34. Kxc1 Bc3 35. Bb5 e5 36. Bc6 Rd8 37. Rd7 Rxd7 38. Bxd7 Ke7 39. Bb5 f5 40. Kc2 Bb4 41. Bc6 Ke6 42. Be8 Kf6 43. Kd3 h4 44. Bc6 Ke6 45. Be8 g5 46. Bg6 e4+ 47. Ke2 Ke5 48. g4 hxg3 49. hxg3 d4 50. g4 d3+ 51. Ke3 f4+ 52. Kf2 e3+ 53. Kf1 e2+ 0-1


[Site "https://www.chess.com"]

[Event "Titled Tuesday Blitz April 4 Early 2023"]
[White "Hayrapetyan, Artavazd R."]
[Black "Romero Pallares, Daniel"]
[WhiteFideId "13304240"]
[BlackFideId "32025637"]
[WhiteElo "2417"]
[BlackElo "2195"]
[Result "1-0"]
[Round "01"]
[TimeControl "180+2"]
[Date "2023.04.04"]
[WhiteClock "0:00:05"]
[BlackClock "0:00:18"]

1. d4 c5 2. d5 e5 3. Nc3 d6 4. e4 Be7 5. Nf3 Bg4 6. h3 Bxf3 7. Qxf3 Bg5 8. Bb5+ Kf8 9. Bxg5 Qxg5 10. h4 Qd8 11. a4 h5 12. g3 a6 13. Bf1 b6 14. Bh3 g6 15. O-O Kg7 16. Nd1 Nf6 17. Ne3 Nbd7 18. Ra3 b5 19. axb5 axb5 20. Rfa1 Rxa3 21. Rxa3 Qb6 22. Bxd7 Nxd7 23. Qd1 c4 24. b3 Nc5 25. bxc4 b4 26. Ra2 Nxe4 27. Qf3 Qd4 28. Ra6 Rd8 29. Kg2 Nd2 30. Qe2 Qe4+ 31. f3 Qd4 32. Qf2 e4 33. Nf5+ gxf5 34. Qxd4+ f6 35. Qxd2 1-0


[Site "https://www.chess.com"]

[Event "Titled Tuesday Blitz April 4 Early 2023"]
[White "Urbina Perez, Juan Antonio"]
[Black "Samsonkin, Artiom"]
[WhiteFideId "2217368"]
[BlackFideId "13503111"]
[WhiteElo "2197"]
[BlackElo "2524"]
[Result "0-1"]
[Round "01"]
[TimeControl "180+2"]
[Date "2023.04.04"]
[WhiteClock "0:00:51"]
[BlackClock "0:00:08"]

1. c4 e5 2. g3 Nf6 3. Bg2 c6 4. d4 e4 5. e3 d5 6. cxd5 cxd5 7. Ne2 Nc6 8. Nbc3 Bd6 9. a3 O-O 10. O-O Be6 11. b4 Qd7 12. Bb2 a5 13. b5 Na7 14. a4 Nc8 15. Ba3 Bxa3 16. Rxa3 Nd6 17. Qb3 b6 18. Rc1 Nc4 19. Raa1 Rac8 20. Nd1 Bh3 21. Nb2 Bxg2 22. Kxg2 Qg4 23. Ng1 Qf5 24. Nxc4 dxc4 25. Rxc4 Ng4 26. Ra2 Rxc4 27. Qxc4 Qxf2+ 28. Rxf2 Nxe3+ 29. Kh3 Nxc4 30. Rc2 Rc8 31. Ne2 f5 32. Rc3 Kf7 33. g4 g6 34. gxf5 gxf5 35. Nf4 Nd6 36. Rc6 Rxc6 37. bxc6 b5 38. axb5 Nxb5 39. Nd5 a4 40. Nb4 Ke6 41. d5+ Kd6 42. Kg3 Kc5 43. Na2 Kxd5 44. Kf4 Kxc6 45. h4 Kd5 46. Kxf5 e3 47. Nb4+ Kc4 48. Nc2 e2 49. Ne1 a3 50. Kf4 a2 51. Kf3 a1=Q 0-1


[Site "https://www.chess.com"]

[Event "Titled Tuesday Blitz April 4 Early 2023"]
[White "Corrales Jimenez, Fidel"]
[Black "Astafurov, Arseniy"]
[WhiteFideId "3506690"]
[BlackFideId "24175218"]
[WhiteElo "2541"]
[BlackElo "2163"]
[Result "1-0"]
[Round "01"]
[TimeControl "180+2"]
[Date "2023.04.04"]
[WhiteClock "0:00:40"]
[BlackClock "0:00:18"]

1. d4 Nf6 2. c4 c5 3. Nf3 cxd4 4. Nxd4 e6 5. Nc3 Bb4 6. g3 d5 7. Qa4+ Nc6 8. Nxc6 Bxc3+ 9. bxc3 bxc6 10. Qxc6+ Bd7 11. Qa6 O-O 12. Bg2 Rc8 13. cxd5 Nxd5 14. Ba3 Re8 15. c4 Nf6 16. O-O Qc7 17. Rac1 Bc6 18. Bxc6 Qxc6 19. Qxa7 Ra8 20. Qe3 Ra4 21. Bb2 Rxc4 22. Rxc4 Qxc4 23. Qg5 e5 24. Bxe5 Re6 25. Rc1 Qa6 26. Bxf6 Rxf6 27. Qb5 h6 28. Qxa6 Rxa6 29. Rc2 Kf8 30. f3 Ke7 31. Kf2 Kd6 32. Ke3 Kd5 33. Kd2 Ra3 34. Kc1 Kd4 35. Kb2 Ra7 36. a3 g5 37. Rc3 f5 38. e3+ Kd5 39. Kc2 h5 40. Kd3 g4 41. e4+ fxe4+ 42. fxe4+ Kd6 43. Ke3 Ke5 44. Rc5+ Kf6 45. Rxh5 Rxa3+ 46. Kf4 Ra4 47. Rf5+ Kg6 48. Rg5+ Kf6 49. Rxg4 Ra2 50. h4 1-0


[Site "https://www.chess.com"]

[Event "Titled Tuesday Blitz April 4 Early 2023"]
[White "Tifferet, Shaked"]
[Black "Moroni, Luca Jr"]
[WhiteFideId "2811529"]
[BlackFideId "865834"]
[WhiteElo "2142"]
[BlackElo "2569"]
[Result "0-1"]
[Round "01"]
[TimeControl "180+2"]
[Date "2023.04.04"]
[WhiteClock "0:00:01"]
[BlackClock "0:00:08"]

1. d4 g6 2. e4 Bg7 3. Nf3 d6 4. Bd3 Nf6 5. O-O O-O 6. h3 Nc6 7. c3 e5 8. Re1 Nh5 9. dxe5 Nxe5 10. Be2 Nxf3+ 11. Bxf3 Nf6 12. Nd2 Nd7 13. Nc4 Re8 14. Bf4 Ne5 15. Nxe5 Bxe5 16. Bxe5 Rxe5 17. Qd4 Qg5 18. Qe3 Bxh3 19. Qxg5 Rxg5 20. a4 Re8 21. a5 Bd7 22. Red1 Bc6 23. Rd4 Rge5 24. a6 b6 25. Rc4 Rc5 26. Rxc5 bxc5 27. b4 cxb4 28. cxb4 Bxe4 29. Rc1 Bxf3 30. Rxc7 Bd5 31. Rxa7 Rb8 32. Rd7 Rxb4 33. Rxd6 Be4 34. f3 Bxf3 35. gxf3 Ra4 36. Kf2 h5 37. Kg3 Kg7 38. Rb6 g5 39. Rc6 Ra3 40. Kg2 f6 41. Rb6 Kg6 42. Rc6 g4 43. fxg4 hxg4 44. Rc4 Kg5 45. Rc5+ f5 46. Rc8 Ra2+ 47. Kg1 Rxa6 48. Rg8+ Kf4 49. Rb8 Ra3 50. Rb4+ Kg3 51. Rb1 f4 52. Kh1 f3 53. Rg1+ Kf4 54. Rf1 g3 55. Rc1 g2+ 56. Kh2 Ra2 57. Rc4+ Ke3 58. Rg4 Kf2 59. Rg3 Ra8 60. Rxg2+ fxg2 61. Kh3 g1=Q 0-1


[Site "https://www.chess.com"]

[Event "Titled Tuesday Blitz April 4 Early 2023"]
[White "Gharibyan, Mamikon"]
[Black "Baches Garcia, Guillermo"]
[WhiteFideId "13308300"]
[BlackFideId "2209764"]
[WhiteElo "2445"]
[BlackElo "2478"]
[Result "1-0"]
[Round "01"]
[TimeControl "180+2"]
[Date "2023.04.04"]
[WhiteClock "0:01:33"]
[BlackClock "0:01:01"]

1. e4 c5 2. Nf3 d6 3. g3 Nf6 4. Nc3 Nc6 5. Bg2 g6 6. d4 cxd4 7. Nxd4 Nxd4 8. Qxd4 Bg7 9. O-O O-O 10. Qd3 Be6 11. Nd5 Bxd5 12. exd5 Qc7 13. Re1 Rfe8 14. a4 Rac8 15. c3 Nd7 16. a5 Ne5 17. Qc2 Nc4 18. a6 b5 19. h4 h5 20. Bg5 Bf6 21. Bf4 Rb8 22. Re4 Rec8 23. Rae1 b4 24. Bh3 Re8 25. cxb4 1-0


[Site "https://www.chess.com"]